[Event "Titled Tuesday Blitz March 08 Late 2022"]
[White "Sarkar, Justin"]
[Black "Martins, Carlos"]
[WhiteFideId "2010011"]
[BlackFideId "2101688"]
[WhiteElo "2038"]
[BlackElo "2183"]
[Result "1-0"]
[Round "09"]
[TimeControl "180+1"]
[Date "2022.03.09"]
[WhiteClock "0:00:08"]
[BlackClock "0:00:24"]

1. d4 f5 2. Nf3 Nf6 3. g3 g6 4. Bg2 Bg7 5. O-O O-O 6. c4 d6 7. Nc3 c6 8. d5 e5 9. dxe6 Bxe6 10. Qd3 Na6 11. b3 Nb4 12. Qd2 a5 13. Bb2 d5 14. a3 Na6 15. Ng5 Re8 16. Nxe6 Rxe6 17. cxd5 Rd6 18. Rfd1 Qb6 19. Qc2 Ng4 20. e3 Nc5 21. dxc6 Rxd1+ 22. Rxd1 bxc6 23. Nd5 Qxb3 24. Ne7+ Kf7 25. Qxb3+ Nxb3 26. Bxg7 Kxe7 27. Bxc6 Rc8 28. Bd5 Nc5 29. Bd4 Ne4 30. f3 Ngf6 31. Bb7 Rc7 32. fxe4 Rxb7 33. exf5 gxf5 34. Rf1 Ke6 35. Bxf6 Kxf6 36. e4 Rb5 37. Rxf5+ Rxf5 38. exf5 Kxf5 39. Kf2 h6 40. h3 h5 41. Kf3 Ke5 42. a4 Kf5 43. g4+ hxg4+ 44. hxg4+ Kg5 45. Kg3 Kg6 46. Kf4 Kf6 47. Ke4 Ke6 48. Kd4 Kf6 49. Kc5 Kg5 50. Kb5 Kxg4 51. Kxa5 Kf5 52. Kb6 Ke6 53. a5 Kd7 54. a6 Kc8 55. a7 1-0


[Site "https://www.chess.com"]

[Event "Titled Tuesday Blitz March 08 Late 2022"]
[White "Shuvalova, Polina"]
[Black "Mirzoev, Azer"]
[WhiteFideId "24171760"]
[BlackFideId "13400304"]
[WhiteElo "2355"]
[BlackElo "2525"]
[Result "0-1"]
[Round "09"]
[TimeControl "180+1"]
[Date "2022.03.08"]
[WhiteClock "0:00:04"]
[BlackClock "0:01:01"]

1. d4 d5 2. Nf3 Nf6 3. Bf4 c6 4. e3 Qb6 5. b3 Nbd7 6. Nbd2 Nh5 7. Bg3 Nxg3 8. hxg3 g6 9. g4 Bg7 10. Bd3 e5 11. dxe5 Nxe5 12. Nxe5 Bxe5 13. Rc1 Bc3 14. O-O O-O 15. g5 Qa5 16. Nf3 Qxa2 17. Nd4 Qa5 18. Qf3 Qd8 19. Ne2 Bg7 20. Qg3 a5 21. f4 a4 22. f5 Re8 23. Rf3 a3 24. f6 Bf8 25. Nc3 Qd6 26. Qh4 Qe5 27. Na2 Qb2 28. Kf2 Re4 29. Bxe4 dxe4 30. Rh1 h5 31. Qxe4 Bg4 32. Rg3 Bf5 33. Qxf5 gxf5 34. Rxh5 Qxc2+ 35. Kg1 Qd1+ 0-1


[Site "https://www.chess.com"]

[Event "Titled Tuesday Blitz March 08 Late 2022"]
[White "Silva, Miguel Antonio Neto"]
[Black "Kozina, Anastasia"]
[WhiteFideId "1911929"]
[BlackFideId "24174017"]
[WhiteElo "2204"]
[BlackElo "1993"]
[Result "1-0"]
[Round "09"]
[TimeControl "180+1"]
[Date "2022.03.09"]
[WhiteClock "0:00:21"]
[BlackClock "0:00:03"]

1. Nf3 e6 2. c4 Nf6 3. d4 Bb4+ 4. Nbd2 O-O 5. a3 Be7 6. g3 d6 7. Bg2 Nc6 8. O-O e5 9. d5 Nb8 10. e4 Nbd7 11. Ne1 a5 12. Nd3 b6 13. b3 Ba6 14. Bb2 Rb8 15. Qc2 Nc5 16. b4 Nxd3 17. Qxd3 axb4 18. axb4 Ra8 19. Nb3 Qd7 20. Rfc1 Rfb8 21. h3 Bc8 22. Rxa8 Rxa8 23. c5 bxc5 24. bxc5 Ba6 25. Qc2 Qb5 26. Bf1 Qb4 27. Ra1 Bb7 28. Rxa8+ Bxa8 29. cxd6 Bxd6 30. Bd3 Bb7 31. Bc3 Qa4 32. Na5 Qxc2 33. Bxc2 Bc8 34. Nc6 Bxh3 35. Nxe5 Kf8 36. Nc4 Bc8 37. f4 Bc5+ 38. Kg2 Ng4 39. Bd1 h5 40. Bxg4 Bxg4 41. Ne5 Bd1 42. Nd7+ Ke7 43. Nxc5 Bc2 44. Kf3 Kd6 45. Bb4 Bd1+ 46. Ke3 Ke7 47. Nd3+ Kd7 48. Nf2 Bb3 49. Kd4 Ba2 50. e5 Bb1 51. Ne4 Bc2 52. Bf8 g6 53. Bh6 Bb3 54. Bg5 Bc2 55. Bh4 Bd1 56. Nc5+ Kc8 57. d6 cxd6 58. exd6 Bg4 59. Kd5 Bf3+ 60. Ke5 Bg4 61. Kf6 Kd8 62. Kxf7+ Kc8 63. Kxg6 Bf3 64. f5 1-0


[Site "https://www.chess.com"]

[Event "Titled Tuesday Blitz March 08 Late 2022"]
[White "Sliwicki, Damian"]
[Black "Antonio, Jorge Carlos"]
[WhiteFideId "1127128"]
[BlackFideId "113190"]
[WhiteElo "2067"]
[BlackElo "2247"]
[Result "1-0"]
[Round "09"]
[TimeControl "180+1"]
[Date "2022.03.09"]
[WhiteClock "0:00:11"]
[BlackClock "0:00:54"]

1. e4 c5 2. Nf3 e6 3. d4 cxd4 4. Nxd4 Nc6 5. Nc3 a6 6. Nb3 Nf6 7. Bd3 Bb4 8. O-O Ne5 9. f4 Nxd3 10. cxd3 O-O 11. Kh1 d5 12. e5 Nd7 13. d4 g6 14. f5 Bxc3 15. bxc3 exf5 16. Bh6 Re8 17. Qd3 Qe7 18. Qg3 b6 19. Rxf5 Nf8 20. Rf6 Ne6 21. Raf1 Nd8 22. Bg5 Qf8 23. Qh4 Be6 24. R1f4 Qa3 25. Qh6 Qb2 26. Rh4 Qb1+ 27. Nc1 Qc2 28. Qxh7+ Kf8 29. Qh8+ Ke7 30. Rxf7+ Kxf7 31. Rh7# 1-0


[Site "https://www.chess.com"]

[Event "Titled Tuesday Blitz March 08 Late 2022"]
[White "Stoleriu, George"]
[Black "Kuegel, Tobias"]
[WhiteFideId "1227505"]
[BlackFideId "4636295"]
[WhiteElo "2203"]
[BlackElo "2213"]
[Result "1-0"]
[Round "09"]
[TimeControl "180+1"]
[Date "2022.03.08"]
[WhiteClock "0:00:28"]
[BlackClock "0:00:09"]

1. e4 c5 2. Nf3 d6 3. Bb5+ Bd7 4. c4 a6 5. Bxd7+ Nxd7 6. Nc3 Ngf6 7. O-O g6 8. d4 cxd4 9. Nxd4 Bg7 10. Be3 O-O 11. Rc1 Rc8 12. b3 Qa5 13. Qd2 b5 14. Nd5 Qxd2 15. Nxe7+ Kh8 16. Bxd2 Rce8 17. Nec6 Nxe4 18. Be3 bxc4 19. Rxc4 Ndc5 20. b4 Na4 21. b5 axb5 22. Nxb5 Nac3 23. a4 d5 24. Rb4 Ra8 25. a5 Nxb5 26. Rxb5 Nc3 27. Rb6 d4 28. Bd2 Ne4 29. Bb4 Rfe8 30. f3 Nc3 31. Rb7 d3 32. Rxf7 d2 33. Rxg7 d1=Q 34. Bxc3 Qc2 35. Ba1 Qc5+ 36. Kh1 Qc4 37. Rxg6+ 1-0


[Site "https://www.chess.com"]

[Event "Titled Tuesday Blitz March 08 Late 2022"]
[White "Suarez Uriel, Adrian"]
[Black "Maltsevskaya, Aleksandra"]
[WhiteFideId "22230874"]
[BlackFideId "24174041"]
[WhiteElo "2316"]
[BlackElo "2241"]
[Result "0-1"]
[Round "09"]
[TimeControl "180+1"]
[Date "2022.03.08"]
[WhiteClock "0:00:46"]
[BlackClock "0:00:45"]

1. e4 c5 2. Ne2 e6 3. d4 cxd4 4. Nxd4 Nf6 5. Nc3 Nc6 6. Ndb5 Bc5 7. Nd6+ Ke7 8. Bf4 e5 9. Nf5+ Kf8 10. Be3 Bxe3 11. Nxe3 d6 12. Bc4 g6 13. O-O Kg7 14. Ncd5 Nxd5 15. Bxd5 a6 16. c3 Ne7 17. Bb3 b5 18. a4 Rb8 19. axb5 axb5 20. Ra7 Rb7 21. Ra6 Rd7 22. Ra8 Qb6 23. Nd5 Nxd5 24. Bxd5 Rhd8 25. Qb3 Bb7 26. Rxd8 Bxd5 27. Qxd5 Rxd8 28. Ra1 b4 29. c4 b3 30. h4 h5 31. Ra3 Rc8 32. Qd3 Qb4 33. Rxb3 Qe1+ 34. Kh2 Qxf2 35. Kh3 Qf4 36. g3 Qc1 37. Kg2 Rxc4 38. Rc3 Qxb2+ 0-1


[Site "https://www.chess.com"]

[Event "Titled Tuesday Blitz March 08 Late 2022"]
[White "Svane, Rasmus"]
[Black "Maksimovic, Bojan"]
[WhiteFideId "4657101"]
[BlackFideId "14408120"]
[WhiteElo "2645"]
[BlackElo "2448"]
[Result "1-0"]
[Round "09"]
[TimeControl "180+1"]
[Date "2022.03.08"]
[WhiteClock "0:00:08"]
[BlackClock "0:00:04"]

1. Nf3 Nf6 2. g3 g6 3. Bg2 Bg7 4. O-O O-O 5. d4 d5 6. c4 dxc4 7. Na3 c3 8. bxc3 c5 9. Ne5 Nc6 10. Nxc6 bxc6 11. Nc4 Nd5 12. Bd2 Qc7 13. e4 Nb6 14. Bf4 Qb7 15. Na5 Qd7 16. dxc5 Qxd1 17. Raxd1 Na4 18. Nxc6 Nxc3 19. Nxe7+ Kh8 20. Rd2 Ba6 21. Re1 Rfe8 22. Bd6 Nb5 23. e5 Rad8 24. Nc6 Rd7 25. Nb4 Bb7 26. c6 Rxd6 27. Rxd6 Nxd6 28. cxb7 Nxb7 29. Bxb7 Rb8 30. Bd5 Rxb4 31. Bxf7 Bf8 32. Rc1 Rb7 33. Bd5 Rd7 34. Bb3 Kg7 35. Rc6 Re7 36. f4 Rb7 37. Kg2 Bb4 38. Ra6 Bc5 39. Kf3 Rc7 40. Ke4 Bb6 41. a4 Rc5 42. a5 Rxa5 43. Rxa5 Bxa5 44. g4 Bc7 45. f5 Bd8 46. f6+ Bxf6 47. exf6+ Kxf6 48. Kf4 a5 49. g5+ Kg7 50. Ke5 h6 51. h4 hxg5 52. hxg5 1-0


[Site "https://www.chess.com"]

[Event "Titled Tuesday Blitz March 08 Late 2022"]
[White "Thavandiran, Shiyam"]
[Black "Keymer, Vincent"]
[WhiteFideId "2605058"]
[BlackFideId "12940690"]
[WhiteElo "2357"]
[BlackElo "2557"]
[Result "0-1"]
[Round "09"]
[TimeControl "180+1"]
[Date "2022.03.08"]
[WhiteClock "0:00:02"]
[BlackClock "0:00:19"]

1. e4 c6 2. d4 d5 3. Nd2 dxe4 4. Nxe4 Nf6 5. Nxf6+ exf6 6. c3 Bd6 7. Bd3 O-O 8. Qc2 Re8+ 9. Ne2 h5 10. O-O h4 11. Nf4 Nd7 12. Qd1 Nf8 13. Qh5 Bxf4 14. Bxf4 h3 15. gxh3 Qd7 16. Rfe1 Qxh3 17. Qxh3 Bxh3 18. f3 Rxe1+ 19. Rxe1 Be6 20. a4 Rd8 21. Bc2 Rd5 22. Kf2 a6 23. b4 Rh5 24. Bd3 Nd7 25. a5 Nf8 26. Bd6 g6 27. Bxf8 Kxf8 28. Bxg6 Rxh2+ 29. Kg3 Rb2 30. Bd3 Ke7 31. Kf4 Kd6 32. Re2 Rb3 33. Rc2 Ra3 34. Ke3 Ra1 35. Kd2 Bb3 36. Rb2 Bd5 37. Be4 Rh1 38. Kd3 Rh3 39. c4 Be6 40. Ke3 Bxc4 41. Rg2 Be6 42. Rg8 f5 43. Bd3 Rh2 44. Rb8 Kc7 45. Re8 Rb2 46. Re7+ Kc8 47. d5 cxd5 48. Kd4 Rxb4+ 49. Kc5 Rb3 50. Kd6 Kb8 51. Bc2 Rxf3 52. Kc5 Rc3+ 0-1


[Site "https://www.chess.com"]

[Event "Titled Tuesday Blitz March 08 Late 2022"]
[White "Todorovic, Bojan"]
[Black "Bellahcene, Bilel"]
[WhiteFideId "917087"]
[BlackFideId "696358"]
[WhiteElo "2376"]
[BlackElo "2540"]
[Result "0-1"]
[Round "09"]
[TimeControl "180+1"]
[Date "2022.03.09"]
[WhiteClock "0:00:06"]
[BlackClock "0:01:53"]

1. d4 d5 2. c4 dxc4 3. Nf3 Nf6 4. e3 e6 5. Bxc4 a6 6. O-O b5 7. Bb3 Bb7 8. Nc3 Nbd7 9. Qe2 c5 10. a3 Rc8 11. Rd1 Qc7 12. e4 cxd4 13. Nxd4 Qb8 14. Bg5 Bd6 15. h3 h6 16. Be3 O-O 17. Nxe6 fxe6 18. Bxe6+ Kh8 19. Qd2 Bh2+ 20. Kh1 Rcd8 21. Nd5 Nxe4 22. Qd4 Ndc5 23. Ne7 Rxd4 24. Ng6+ Kh7 25. Nxf8+ Qxf8 26. Rxd4 Nxe6 0-1


[Site "https://www.chess.com"]

[Event "Titled Tuesday Blitz March 08 Late 2022"]
[White "Vakhlamov, Igor L."]
[Black "Jobava, Baadur"]
[WhiteFideId "24126748"]
[BlackFideId "13601520"]
[WhiteElo "2401"]
[BlackElo "2617"]
[Result "1-0"]
[Round "09"]
[TimeControl "180+1"]
[Date "2022.03.08"]
[WhiteClock "0:01:36"]
[BlackClock "0:00:41"]

1. e4 d6 2. d4 Nf6 3. Nc3 e5 4. dxe5 dxe5 5. Qxd8+ Kxd8 6. Bg5 c6 7. Nf3 Nd7 8. O-O-O Ke8 9. Bh4 Bb4 10. Bc4 b5 11. Bb3 a5 12. a4 Bxc3 13. bxc3 bxa4 14. Bxa4 Bb7 15. Rd6 Nxe4 16. Rxc6 Bxc6 17. Bxc6 Nxf2 18. Bxf2 Rc8 19. Nxe5 Rxc6 20. Nxc6 Nf6 21. Nxa5 Kd7 22. Bd4 Ra8 23. Nb3 1-0


[Site "https://www.chess.com"]

[Event "Titled Tuesday Blitz March 08 Late 2022"]
[White "Vargas Pereda, Jesus Manue"]
[Black "Desideri, Ricardo Maruchi"]
[WhiteFideId "5115710"]
[BlackFideId "2110440"]
[WhiteElo "1774"]
[BlackElo "1945"]
[Result "1-0"]
[Round "09"]
[TimeControl "180+1"]
[Date "2022.03.09"]
[WhiteClock "0:00:59"]
[BlackClock "0:00:01"]

1. d4 Nf6 2. Bf4 d6 3. Nc3 g6 4. e4 c6 5. Qd2 Bg7 6. Bh6 O-O 7. O-O-O b5 8. f3 Re8 9. h4 Bh8 10. g4 Bb7 11. Kb1 Nbd7 12. h5 a5 13. hxg6 hxg6 14. Bg5 Bg7 15. Bd3 e5 16. d5 b4 17. Na4 cxd5 18. exd5 Bxd5 19. Qh2 Qc7 20. Bh6 Bh8 21. Bf8 Kxf8 22. Qxh8+ Ke7 23. Qh4 Rh8 24. Qxh8 Rxh8 25. Rxh8 Nc5 26. Nxc5 Qxc5 27. Ne2 Bxf3 28. Re1 Bxe2 29. Rxe2 Nxg4 30. b3 Qg1+ 31. Kb2 Qd4+ 32. Kc1 Qg1+ 33. Kd2 Nf6 34. Rhh2 Qg5+ 35. Kd1 d5 36. Rhg2 Qf5 37. Bxf5 gxf5 38. Rg7 e4 39. Rg5 Ke6 40. Kc1 f4 41. c4 f3 42. Re1 d4 43. c5 e3 44. Rgg1 f2 45. c6 fxe1=Q+ 46. Rxe1 Kd6 47. Rd1 Kxc6 48. Rxd4 e2 49. Kd2 Kc5 50. Rc4+ Kd5 51. Kxe2 Ne4 52. Rc8 Nc3+ 53. Kd2 Nxa2 54. Rf8 Nc3 55. Rxf7 Kc5 56. Rf5+ Kb6 57. Rf6+ Kc5 58. Rf5+ Kb6 59. Kc2 Kc6 60. Rh5 Kb6 61. Kd3 Nb5 62. Kc4 Na3+ 63. Kd4 Nc2+ 64. Kc4 Na3+ 65. Kd3 Nb1 66. Rh1 Na3 67. Rh6+ Kb5 68. Rh5+ Kb6 69. Ke4 Kc6 70. Rxa5 Nb5 71. Ra8 Nc3+ 72. Kd3 Nb5 73. Rh8 Nd6 74. Rh6 Kd5 75. Rxd6+ Kxd6 76. Kd4 Kc6 77. Kc4 Kc7 78. Kb5 Kb7 79. Kc5 Kc7 80. Kxb4 Kb6 81. Kc4 Kc6 82. Kb4 Kb6 83. Kc4 Kc6 84. b4 Kc7 85. Kc5 Kb8 86. Kb6 1-0


[Site "https://www.chess.com"]

[Event "Titled Tuesday Blitz March 08 Late 2022"]
[White "Vine, Elzbieta"]
[Black "Cupid, Kevin"]
[WhiteFideId "1119320"]
[BlackFideId "7700512"]
[WhiteElo "1837"]
[BlackElo "2096"]
[Result "0-1"]
[Round "09"]
[TimeControl "180+1"]
[Date "2022.03.09"]
[WhiteClock "0:00:01"]
[BlackClock "0:00:12"]

1. e4 c6 2. d4 d5 3. exd5 cxd5 4. Bd3 Nf6 5. h3 Nc6 6. Nf3 g6 7. O-O Bg7 8. c3 O-O 9. Bg5 h6 10. Bf4 Be6 11. Nbd2 Rc8 12. Re1 Qd7 13. Ne5 Nxe5 14. Bxe5 Bf5 15. Nf3 a6 16. Bf4 Ne4 17. Ne5 Qe8 18. f3 Nd6 19. Nxg6 Bxg6 20. Bxd6 Bf6 21. Bf4 Kh7 22. Bxg6+ fxg6 23. Qd2 g5 24. Be5 Qd7 25. Qd3+ Kg7 26. Bxf6+ exf6 27. Re2 Rf7 28. Rae1 Rc7 29. Re8 Rc6 30. Rb8 Rc8 31. Rxc8 Qxc8 32. Qe2 Qd7 33. Qe8 Qd6 34. Kf2 h5 35. Qc8 h4 36. Re8 Qg3+ 0-1


[Site "https://www.chess.com"]

[Event "Titled Tuesday Blitz March 08 Late 2022"]
[White "Vusatiuk, Vladimir"]
[Black "Estrada Nieto, Julian"]
[WhiteFideId "14118610"]
[BlackFideId "5101018"]
[WhiteElo "2157"]
[BlackElo "2246"]
[Result "0-1"]
[Round "09"]
[TimeControl "180+1"]
[Date "2022.03.08"]
[WhiteClock "0:00:01"]
[BlackClock "0:00:41"]

1. d4 d5 2. c4 dxc4 3. Nf3 Nf6 4. e3 e6 5. Bxc4 c5 6. O-O a6 7. b3 Nc6 8. Bb2 Bd7 9. Nbd2 cxd4 10. Nxd4 Nxd4 11. Bxd4 Be7 12. Be2 Bb5 13. Nc4 O-O 14. a4 Bc6 15. Nb6 Rb8 16. a5 Nd7 17. Qc2 Bf6 18. Rad1 Bxd4 19. Rxd4 Qg5 20. g3 Nxb6 21. axb6 Qa5 22. Rg4 Qxb6 23. Qc3 g6 24. Qf6 Qd8 25. Qe5 Qd5 26. Qxd5 Bxd5 27. b4 Rfc8 28. Rd4 Rc2 29. Bd3 Rd2 30. Ra1 Rc8 31. h4 Rc3 32. Bf1 Rxd4 33. exd4 Bc4 34. Rb1 Bxf1 35. Kxf1 Rc4 36. b5 Rxd4 37. bxa6 bxa6 38. Rb8+ Kg7 39. Ra8 Ra4 40. Ke2 Ra2+ 41. Kf3 a5 42. Ra7 h5 43. Ra6 a4 44. Ra5 a3 45. Kg2 Kf6 46. Kf3 Ra1 47. Ke3 Ke7 48. Kf4 Kf6 49. Ra6 Rf1 50. Kf3 Ra1 51. Kf4 a2 52. f3 Kg7 53. Ra7 e5+ 54. Kg5 Rf1 55. Rxa2 Rxf3 56. g4 f6# 0-1


[Site "https://www.chess.com"]

[Event "Titled Tuesday Blitz March 08 Late 2022"]
[White "Xu, Yi"]
[Black "Dardha, Daniel"]
[WhiteFideId "8605564"]
[BlackFideId "240990"]
[WhiteElo "2471"]
[BlackElo "2482"]
[Result "1-0"]
[Round "09"]
[TimeControl "180+1"]
[Date "2022.03.08"]
[WhiteClock "0:00:10"]
[BlackClock "0:00:08"]

1. e4 c5 2. Nf3 d6 3. d4 cxd4 4. Nxd4 Nf6 5. Nc3 Nc6 6. Bg5 e6 7. Qd2 a6 8. O-O-O Bd7 9. f4 Be7 10. Nf3 b5 11. Bxf6 gxf6 12. Kb1 b4 13. Ne2 Qb6 14. f5 e5 15. Qh6 a5 16. Ng3 b3 17. cxb3 a4 18. Bc4 axb3 19. a3 d5 20. Bxd5 Qc5 21. Rc1 Qf2 22. Qd2 Qxd2 23. Nxd2 Ra6 24. Nxb3 Rb6 25. Rhd1 O-O 26. Nc5 Be8 27. Ne2 Kh8 28. Na4 Ra6 29. Nc5 Rb6 30. g3 Na7 31. Ka2 Bb5 32. Rd2 Rfb8 33. b4 Bf8 34. Rdc2 Be8 35. Nc3 Rc8 36. N3a4 Rbb8 37. Rc4 Bb5 38. R4c3 Be8 39. Nb2 Nb5 40. Rc4 Rd8 41. Nb3 Rb6 42. Na5 Ra6 43. Rc8 Rxc8 44. Rxc8 Nd6 45. Rb8 Kg7 46. Nbc4 Ba4 47. Nxd6 Bxd6 48. Ra8 Rxa8 49. Bxa8 Kf8 50. Bc6 Bd1 51. Nc4 Bc7 52. a4 Ke7 53. a5 Be2 54. Kb3 Kd8 55. Ne3 Bb8 56. Nd5 Bd1+ 57. Kc3 Ba7 58. b5 Bf2 59. a6 Be1+ 60. Kb2 Bf2 61. b6 Bd4+ 62. Kc1 Ba4 63. Bxa4 Bxb6 64. Nxb6 Kc7 65. a7 Kxb6 66. a8=Q Kc7 67. Qc6+ Kb8 68. Qd7 1-0


[Site "https://www.chess.com"]

[Event "Titled Tuesday Blitz March 08 Late 2022"]
[White "Zhurbinsky, David"]
[Black "Miszler, Levente"]
[WhiteFideId "2072904"]
[BlackFideId "763276"]
[WhiteElo "2523"]
[BlackElo "1966"]
[Result "1-0"]
[Round "09"]
[TimeControl "180+1"]
[Date "2022.03.09"]
[WhiteClock "0:02:09"]
[BlackClock "0:02:03"]

1. e4 e6 2. d4 d5 3. Nc3 Nf6 4. e5 Nfd7 5. f4 c5 6. Nf3 Nc6 7. Ne2 cxd4 8. Nexd4 Qb6 9. c3 Be7 10. Bd3 O-O 11. Qc2 g6 12. O-O f6 13. Bxg6 fxe5 14. Bxh7+ Kh8 15. fxe5 Ndxe5 16. Bh6 Nxf3+ 17. Rxf3 Rxf3 18. Bg7+ Kxg7 19. Qg6+ Kh8 20. Qg8# 1-0


[Site "https://www.chess.com"]

[Event "Titled Tuesday Blitz March 08 Late 2022"]
[White "Adewumi, Tanitoluwa"]
[Black "Sliwicki, Damian"]
[WhiteFideId "30966396"]
[BlackFideId "1127128"]
[WhiteElo "2544"]
[BlackElo "2067"]
[Result "1-0"]
[Round "10"]
[TimeControl "180+1"]
[Date "2022.03.09"]
[WhiteClock "0:00:19"]
[BlackClock "0:00:24"]

1. Nf3 g6 2. b3 Bg7 3. d4 Nf6 4. Bb2 O-O 5. e3 d5 6. c4 Ne4 7. cxd5 Qxd5 8. Nbd2 Bf5 9. Bc4 Qa5 10. O-O Nc6 11. a3 Rad8 12. b4 Qb6 13. Be2 e5 14. Nc4 Qb5 15. Ncxe5 Qd5 16. Nxc6 Qxc6 17. Rc1 Qd6 18. Qb3 Bg4 19. Rfd1 c6 20. h3 Be6 21. Bc4 Bxc4 22. Qxc4 Nf6 23. Ne5 Nd5 24. Nd3 Qe7 25. Nc5 b6 26. Nd3 Qg5 27. Qxc6 Rfe8 28. Qb5 a6 29. Qxa6 Nxe3 30. fxe3 Rxe3 31. Rc8 Rxc8 32. Qxc8+ Bf8 33. Qg4 Qd5 34. Nf2 h5 35. Qf4 Re2 36. Rd2 Bd6 37. Rxe2 Bxf4 38. Nd3 Bd6 39. Ne5 Bxe5 40. dxe5 Qd1+ 41. Kf2 Qd5 42. Ke1 Qe6 43. Kd2 Qd5+ 44. Kc1 b5 45. Bc3 Qc4 46. Kd2 Qd5+ 47. Kc2 Kh7 48. Rd2 Qa2+ 49. Bb2 Qc4+ 50. Bc3 Qf1 51. Kb2 Qf5 52. Rd6 Qf2+ 53. Rd2 Qe3 54. Rc2 Qe4 55. g3 Qf3 56. g4 Qxh3 57. gxh5 Qxh5 58. Rf2 Qh4 59. Rxf7+ Kg8 60. Rf6 g5 61. e6 Qh2+ 62. Kb3 Qd6 63. e7 Qd5+ 64. Kb2 Qg2+ 65. Ka1 Qh1+ 66. Ka2 Qd5+ 67. Kb2 Qg2+ 68. Kc1 Qg1+ 69. Kc2 Qg2+ 70. Kd3 Qd5+ 71. Bd4 Qb3+ 72. Ke4 Qc2+ 73. Kd5 Qc4+ 74. Ke5 Qc7+ 75. Ke6 Qc6+ 76. Kf5 Qd7+ 77. Re6 Kf7 78. e8=Q+ Qxe8 79. Rxe8 Kxe8 80. Kxg5 Kd7 81. Kf4 Kc6 82. Ke4 Kd6 83. Kd3 Kc6 84. Kc3 Kd5 85. Bc5 Kc6 86. Kb3 Kd5 87. a4 Kc6 88. axb5+ Kxb5 89. Kc3 Kc6 90. Kc4 Kb7 91. b5 Ka8 92. Kd5 Kb8 93. Bd4 Ka8 94. Kc5 Kb8 95. Kc6 Ka8 96. b6 Kb8 97. Bg1 Ka8 98. b7+ Kb8 99. Bh2+ Ka7 100. b8=Q+ Ka6 101. Qa8# 1-0


[Site "https://www.chess.com"]

[Event "Titled Tuesday Blitz March 08 Late 2022"]
[White "Andersson, Bjorn 1971"]
[Black "Zhurbinsky, David"]
[WhiteFideId "1702114"]
[BlackFideId "2072904"]
[WhiteElo "2207"]
[BlackElo "2528"]
[Result "0-1"]
[Round "10"]
[TimeControl "180+1"]
[Date "2022.03.09"]
[WhiteClock "0:00:02"]
[BlackClock "0:00:35"]

1. e4 e5 2. Nf3 Nc6 3. d4 exd4 4. Bb5 Bc5 5. O-O Nge7 6. Ng5 d5 7. Qh5 Ng6 8. Re1 dxe4 9. Rxe4+ Kf8 10. Nxf7 Kxf7 11. Bc4+ Kf8 12. Qxc5+ Qd6 13. Qxd6+ cxd6 14. Na3 Bf5 15. Re1 Nge5 16. Bd5 Re8 17. Bf4 h6 18. h3 g5 19. Bh2 Kg7 20. Nb5 Rd8 21. c3 dxc3 22. Nxc3 Nd3 23. Re2 Nce5 24. g4 Bg6 25. Ne4 Nf3+ 26. Kh1 Nxh2 27. Kxh2 Nf4 28. Rd2 Nxd5 29. Ng3 Nf4 30. Re1 Kf7 31. Ne4 Rhe8 32. f3 d5 33. Red1 Bxe4 34. fxe4 Rxe4 35. Kg3 Re3+ 36. Kf2 Rde8 37. Rc2 Nxh3+ 38. Kg2 Nf4+ 39. Kf2 R8e7 40. Rd4 Nd3+ 41. Kg2 Ne1+ 0-1


[Site "https://www.chess.com"]

[Event "Titled Tuesday Blitz March 08 Late 2022"]
[White "Antonova, Nadezhda"]
[Black "Corallo, Michael"]
[WhiteFideId "14700182"]
[BlackFideId "2024152"]
[WhiteElo "1751"]
[BlackElo "2150"]
[Result "1-0"]
[Round "10"]
[TimeControl "180+1"]
[Date "2022.03.09"]
[WhiteClock "0:00:59"]
[BlackClock "0:00:15"]

1. Nf3 Nf6 2. b3 g6 3. Bb2 Bg7 4. g3 O-O 5. Bg2 d6 6. d4 Nbd7 7. O-O e5 8. dxe5 Ng4 9. Qd2 Ngxe5 10. c4 Re8 11. Nc3 a5 12. Rad1 Nc5 13. Nd5 Ne4 14. Qc1 Nxf3+ 15. exf3 Nc5 16. Bxg7 Kxg7 17. Qc3+ f6 18. Rfe1 Rxe1+ 19. Rxe1 Be6 20. f4 Bxd5 21. Bxd5 c6 22. Bf3 Qc7 23. Qe3 Kf7 24. f5 Kg7 25. fxg6 hxg6 26. h4 Rf8 27. Kg2 Nd7 28. h5 Ne5 29. hxg6 Nxg6 30. Bh5 Rh8 31. Bxg6 Kxg6 32. Qe4+ Kg7 33. Qe7+ 1-0


[Site "https://www.chess.com"]

[Event "Titled Tuesday Blitz March 08 Late 2022"]
[White "Avazkhonov, Alikhon"]
[Black "Prohorov, Olexandr"]
[WhiteFideId "14208504"]
[BlackFideId "14105578"]
[WhiteElo "1739"]
[BlackElo "1993"]
[Result "1-0"]
[Round "10"]
[TimeControl "180+1"]
[Date "2022.03.09"]
[WhiteClock "0:00:09"]
[BlackClock "0:00:35"]

1. f4 g6 2. Nf3 Bg7 3. g3 c6 4. Bg2 d5 5. O-O Nh6 6. a4 O-O 7. d3 Nf5 8. e4 dxe4 9. dxe4 Nd4 10. c3 Nxf3+ 11. Qxf3 Na6 12. Be3 Qc7 13. Nd2 b6 14. Rad1 Nc5 15. Bxc5 bxc5 16. e5 Rb8 17. Qxc6 Qxc6 18. Bxc6 Rxb2 19. Ne4 Bg4 20. Rb1 Rfb8 21. Rxb2 Rxb2 22. Nxc5 e6 23. Bb5 Bf8 24. Ne4 Bf5 25. Nd6 Bh3 26. Rd1 f6 27. exf6 Bg4 28. Rd4 Rb1+ 29. Kg2 Rb2+ 30. Kg1 Rb1+ 31. Kf2 Rb2+ 32. Ke3 Bxd6 33. Rxd6 Kf7 34. Rd7+ Kxf6 35. Rxh7 Ra2 36. h4 a6 37. Be8 e5 38. Rh6 Bf5 39. h5 exf4+ 40. gxf4 Kg7 41. Rxg6+ Bxg6 42. hxg6 Ra1 43. Bc6 Kxg6 44. Kd4 Kf6 45. Kc5 Rc1 46. c4 Ke7 47. a5 Rf1 48. Bb7 Rxf4 49. Bxa6 Kd7 50. Kb6 Rf1 51. Kb7 Rb1+ 52. Bb5+ Kd8 53. a6 Ra1 54. a7 Ra2 55. a8=Q+ Rxa8 56. Kxa8 Kc7 57. Ka7 Kd6 58. Kb6 1-0


[Site "https://www.chess.com"]

[Event "Titled Tuesday Blitz March 08 Late 2022"]
[White "Bellahcene, Bilel"]
[Black "Bibasa, Bob"]
[WhiteFideId "696358"]
[BlackFideId "10000240"]
[WhiteElo "2562"]
[BlackElo "2056"]
[Result "1/2-1/2"]
[Round "10"]
[TimeControl "180+1"]
[Date "2022.03.08"]
[WhiteClock "0:00:07"]
[BlackClock "0:00:35"]

1. d4 Nf6 2. c4 e6 3. Nf3 b6 4. g3 Bb7 5. Bg2 Bb4+ 6. Nbd2 O-O 7. O-O Bxd2 8. Qxd2 d6 9. b3 Nbd7 10. Bb2 Qe7 11. Rfd1 Rfd8 12. Rac1 c5 13. Ne1 Bxg2 14. Nxg2 d5 15. dxc5 Nxc5 16. Bxf6 Qxf6 17. cxd5 Rxd5 18. Qf4 Rad8 19. Rxd5 Rxd5 20. b4 Nb7 21. Qb8+ Nd8 22. Qxa7 Qb2 23. Qc7 h6 24. Nf4 Rd2 25. Nd3 Qf6 26. Qd7 Kh7 27. Rc8 Rd1+ 28. Kg2 Qf5 29. f3 Rd2 30. Kf2 Nb7 31. Qxb7 Qxd3 32. Qe4+ Qxe4 33. fxe4 Rd4 34. b5 Rxe4 35. Rc6 Ra4 36. Rxb6 Rxa2 37. Rb7 Kg6 38. b6 Rb2 39. Kf3 f6 40. h4 Kf5 41. g4+ Ke5 42. Rxg7 Rxb6 43. Rg6 Rb3+ 44. e3 f5 45. gxf5 exf5 46. Rxh6 Rb1 47. Ra6 Rf1+ 48. Kg2 Re1 49. Kf2 Rh1 50. Ra4 Rh3 51. Ke2 Kd5 52. Rf4 Ke5 53. Kf2 Rh2+ 54. Kf3 Rh3+ 55. Kf2 Rh2+ 56. Kg3 Re2 57. Rf3 Re1 58. h5 Rh1 59. Kf2 Rxh5 60. Rf4 Rh2+ 61. Kf3 Ra2 62. Kg3 Ra3 63. Kf3 Rb3 64. Kf2 Kf6 65. Rd4 Kg5 66. Rf4 Rb2+ 67. Kf3 Rb1 68. Kf2 Rc1 69. Kf3 Rf1+ 70. Kg3 Re1 71. Kf3 Kf6 72. Kf2 Ra1 73. Rc4 Ke5 74. Kf3 Rd1 75. Rc5+ Rd5 76. Rxd5+ Kxd5 77. Kf4 Ke6 78. e4 fxe4 79. Kxe4 1/2-1/2


[Site "https://www.chess.com"]

[Event "Titled Tuesday Blitz March 08 Late 2022"]
[White "Caruana, Fabiano"]
[Black "Chigaev, Maksim"]
[WhiteFideId "2020009"]
[BlackFideId "4108116"]
[WhiteElo "2744"]
[BlackElo "2502"]
[Result "1-0"]
[Round "10"]
[TimeControl "180+1"]
[Date "2022.03.08"]
[WhiteClock "0:00:11"]
[BlackClock "0:00:01"]

1. d4 Nf6 2. Bg5 g6 3. Bxf6 exf6 4. e3 d5 5. g3 h5 6. h4 Bg4 7. Be2 Be6 8. Nd2 c6 9. Bf3 f5 10. Ne2 Bd6 11. c3 Nd7 12. a4 a5 13. Qc2 Nf6 14. Nf4 Bxf4 15. exf4 Ne4 16. O-O O-O 17. Rfb1 Qc7 18. b4 axb4 19. cxb4 Ra7 20. Be2 Rfa8 21. Nf3 f6 22. Ne1 Qb6 23. Nf3 Kg7 24. Kg2 Bf7 25. Ra3 Nd6 26. a5 Qd8 27. Nd2 b6 28. a6 b5 29. Rba1 Nc4 30. Nxc4 bxc4 31. Ra5 Qb6 32. Qa4 Qxd4 33. Qxc6 c3 34. b5 Be8 35. Qd6 Rd7 36. Qe6 c2 37. Qe3 Qb2 38. Bf3 d4 39. Qd2 Rc8 40. a7 d3 41. a8=Q Rxa8 42. Rxa8 Bf7 43. Bc6 Re7 44. Bf3 Rc7 45. Qxd3 c1=Q 46. Rxc1 Rxc1 47. Qd8 1-0


[Site "https://www.chess.com"]